 Dungeon Crawl Stone Soup version 0.22-a0-750-ga7dcef7 (webtiles) character file.

25 Amnesiac the Magician (level 2, 0/19 HPs)
             Began as a Demonspawn Earth Elementalist on July 16, 2018.
             Slain by an adder (5 damage)
             ... on level 3 of the Dungeon.
             The game lasted 00:01:09 (340 turns).

Amnesiac the Magician (DsEE)                         Turns: 340, Time: 00:01:10

Health: 0/19       AC:  2    Str:  8    XL:     2   Next: 82%
Magic:  0/5        EV: 12    Int: 16    God:
Gold:   7          SH:  0    Dex: 13    Spells: 5/6 levels left

rFire    . . .     SeeInvis .   k - +0 dagger
rCold    . . .     Gourm    .   (no shield)
rNeg     . . .     Faith    .   c - +0 robe
rPois    .         Spirit   .   (no helmet)
rElec    .         Reflect  .   (no cloak)
rCorr    .         Harm     .   (no gloves)
MR       .....                  (no boots)
Stlth    ++........             (no amulet)
HPRegen  0.06/turn              (no ring)
MPRegen  0.09/turn              (no ring)

@: lethally poisoned (0 -> -6)
A: rot immunity
a: no special abilities


You were on level 3 of the Dungeon.
You were not hungry.

You visited 1 branch of the dungeon, and saw 3 of its levels.

You collected 7 gold pieces.

Inventory:

Hand Weapons
 k - a +0 dagger (weapon)
Missiles
 b - 21 stones (quivered)
 h - 21 sling bullets
Armour
 c - a +0 robe (worn)
Jewellery
 i - a cursed ring of fire {unknown}
Scrolls
 a - a scroll of amnesia {!r, unknown}
 e - a scroll of remove curse {!r, unknown}
 j - a scroll of identify {!r, unknown}
Potions
 g - a potion of ambrosia {!q, unknown}
Comestibles
 d - a ration
 f - 3 chunks of flesh


   Skills:
 - Level 2.0 Dodging
 - Level 2.0 Stealth
 + Level 2.9 Spellcasting
   Level 0.8 Transmutations
 * Level 2.7 Earth Magic


You had 5 spell levels left.
You knew the following spells:

 Your Spells              Type           Power        Failure   Level  Hunger
a - Sandblast             Erth           ##....       6%          1    #......

Your spell library contained the following spells:

 Spells                   Type           Power        Failure   Level  Hunger
 Stone Arrow              Conj/Erth      #.....       32%         3    ###....
 Passwall                 Tmut/Erth      #.......     14%         2    ##.....
 Lee's Rapid Deconstruct  Erth           ##........   86%         5    ######.
 Petrify                  Tmut/Erth      #.......     65%         4    #####..


Dungeon Overview and Level Annotations

Branches:
Dungeon (3/15)

Altars:


Innate Abilities, Weirdness & Mutations

You are immune to rotting.


Message History

Casting: Sandblast (safe; 6% risk of failure)
Confirm with . or Enter, or press ? or * to list all spells.
You don't have enough magic to cast that spell.
Casting: Sandblast (safe; 6% risk of failure)
Confirm with . or Enter, or press ? or * to list all spells.
You don't have enough magic to cast that spell.
You closely miss the adder.
The adder is heavily wounded.
The adder bites you.
You are poisoned.
The adder poisons you! The adder barely misses you.
Casting: Sandblast (safe; 6% risk of failure)
Confirm with . or Enter, or press ? or * to list all spells.
You don't have enough magic to cast that spell.
You barely miss the adder.
The adder is heavily wounded.
You feel sick. The adder bites you.
Casting: Sandblast (safe; 6% risk of failure)
Confirm with . or Enter, or press ? or * to list all spells.
Aiming: Sandblast (safe; 6% risk of failure)
Press: ? - help, Shift-Dir - straight line, f/p - adder
Aim: an adder (heavily wounded)
The blast of sand misses the adder.
The blast of sand hits the kobold.
You kill the kobold!
b - 21 stones The adder bites you.
You are more poisoned.
The adder poisons you!
Casting: Sandblast (safe; 6% risk of failure)
Confirm with . or Enter, or press ? or * to list all spells.
You don't have enough magic to cast that spell.
Casting: Sandblast (safe; 6% risk of failure)
Confirm with . or Enter, or press ? or * to list all spells.
You don't have enough magic to cast that spell.
You hit the adder but do no damage.
The adder is heavily wounded.
You feel sick. The adder bites you. x2
Casting: Sandblast (safe; 6% risk of failure)
Confirm with . or Enter, or press ? or * to list all spells.
You don't have enough magic to cast that spell.
You hit the adder but do no damage.
The adder is heavily wounded.
The adder closely misses you.
Casting: Sandblast (safe; 6% risk of failure)
Confirm with . or Enter, or press ? or * to list all spells.
You don't have enough magic to cast that spell.
Casting: Sandblast (safe; 6% risk of failure)
Confirm with . or Enter, or press ? or * to list all spells.
You don't have enough magic to cast that spell.
You hit the adder.
The adder is almost dead.
You feel sick. The adder bites you.
* * * LOW HITPOINT WARNING * * *
Casting: Sandblast (safe; 6% risk of failure)
Confirm with . or Enter, or press ? or * to list all spells.
You don't have enough magic to cast that spell.
You closely miss the adder.
The adder is almost dead.
The adder misses you. The adder bites you.
* * * LOW HITPOINT WARNING * * *
You barely miss the adder.
The adder is almost dead.
The adder bites you.
You die...

##.###.#.......
#..#...#.######
#.##.#...#
#.##.....#
##........#
#.....#...#
#.)####.<.# ##.#
##...# #@###...####
#S##.......##
#g#.........#
#..)..........
#.............
...................#
...................#
........#....#.....#
....K......#........


You could see an adder and a hobgoblin.

Vanquished Creatures
  An adder (D:3)
  A dart slug (D:1)
  5 giant cockroaches
  A goblin (D:3)
  A hobgoblin (D:3)
  2 kobolds (D:3)
  A bat (D:1)
12 creatures vanquished.

Notes
Turn   | Place    | Note
-------+----------+-------------------------------------------
     0 | D:1      | Amnesiac the Demonspawn Earth Elementalist began the quest for the Orb.
     0 | D:1      | Reached XP level 1. HP: 13/13 MP: 3/3
   144 | D:1      | Gained mutation: You are immune to rotting. [demonic ancestry]
   144 | D:1      | Reached XP level 2. HP: 18/19 MP: 3/5
   340 | D:3      | Slain by an adder

Vault maps used:
D:1:      saegor_arrival_simple_d, feat_on_display
D:2:      marbit_many_paths, old_standard_altar, lemuel_crystal_altar,
          tso_oasis_becter, uniq_natasha
D:3:      uniq_ijyb

Skill      XL: |  1 |
---------------+----+-----
Dodging        | 2 |  2.0
Stealth        | 2 |  2.0
Spellcasting   | |  2.9
Transmutations | |  0.8
Earth Magic    | |  2.7

Action                   || total
-------------------------++-------
Melee: Unarmed           ||    15
       Dagger            ||     7
 Cast: Sandblast         ||    20
Armor: Robe              ||     8
Dodge: Dodged            ||    15

Table legend:
 A = Spawn XP
 B = Non-spawn XP
 C = Spawn XP percentage of total XP
 D = Spawn monster count
 E = Non-spawn monster count
 F = Spawn count percentage of total count
 G = Total turns spent on level
                    A         B        C        D         E        F      G
               +---------+---------+-------+---------+---------+-------+---------
         Total |       0 |      36 |   0.0 |       0 |      12 |   0.0 |   340
               +---------+---------+-------+---------+---------+-------+---------
           D:1 |       0 |      13 |   0.0 |       0 |       6 |   0.0 |   159
           D:3 |       0 |      23 |   0.0 |       0 |       6 |   0.0 |   111
               +---------+---------+-------+---------+---------+-------+---------
